 Dungeon Crawl Stone Soup version 0.22.1 (webtiles) character file.

5051 schauveau the Cleaver (level 10, -14/84 HPs)
             Began as a Minotaur Berserker on Sept 19, 2018.
             Was a High Priest of Trog.
             Demolished by a two-headed ogre
             ... wielding a +0 giant spiked club
             ... summoned by the player character
              (44 damage)
             ... on level 8 of the Dungeon.
             The game lasted 00:22:08 (7408 turns).

schauveau the Cleaver (Minotaur Berserker)          Turns: 7408, Time: 00:22:09

Health: -14/84     AC: 16    Str: 25      XL:     10   Next: 31%
Magic:  3/9        EV:  9    Int:  1 (4)  God:    Trog [*****.]
Gold:   258        SH:  0    Dex: 10      Spells: 9/9 levels left

rFire    + . .     SeeInvis .   a - +3 battleaxe
rCold    x . .     Gourm    .   (shield currently unavailable)
rNeg     . . .     Faith    .   H - +0 plate armour
rPois    .         Spirit   .   (helmet restricted)
rElec    .         Reflect  .   (no cloak)
rCorr    .         Harm     +   (no gloves)
MR       .....                  h - +0 pair of boots
Stlth    ..........             z - amulet of harm
HPRegen  0.24/turn              j - ring of fire
MPRegen  0.11/turn              (no ring)

@: no status effects
A: retaliatory headbutt, horns 2
a: Berserk, Trog's Hand, Brothers in Arms, Renounce Religion


You were on level 8 of the Dungeon.
You worshipped Trog.
Trog was extremely pleased with you.
You were hungry.

You visited 2 branches of the dungeon, and saw 9 of its levels.
You also visited: Sewer and Ossuary.

You collected 463 gold pieces.
You spent 205 gold pieces at shops.

Inventory:

Hand Weapons
 a - a +3 battleaxe (weapon)
 f - a +2 hand axe of flaming
 o - a +0 war axe
 A - a +4 morningstar
Missiles
 i - 5 javelins of returning (quivered)
 p - 19 tomahawks
Armour
 h - a +0 pair of boots (worn)
 H - a +0 plate armour (worn)
Jewellery
 j - a ring of fire (left hand)
 z - an amulet of harm (around neck)
 D - an uncursed amulet of harm
Wands
 g - a wand of polymorph (11)
 s - a wand of paralysis (13)
 G - a wand of flame (56)
Scrolls
 e - 7 scrolls of remove curse
 l - 4 scrolls of fog
 n - 7 scrolls of teleportation
 t - a scroll of summoning
 u - a scroll of enchant weapon
 v - a scroll of enchant armour
Potions
 b - 6 potions of curing
 d - 3 potions of might
 k - a potion of mutation {unknown}
 q - a potion of ambrosia {unknown}
 r - 2 potions of flight
 w - a potion of degeneration {unknown}
 C - 2 potions of heal wounds
 E - a potion of berserk rage
 F - 2 potions of haste
Comestibles
 c - 20 rations


   Skills:
 - Level 6.6 Fighting
 * Level 13.0 Axes
 + Level 10.6 Armour
 - Level 5.2 Dodging


You had 9 spell levels left.
You didn't know any spells.
Your spell library contained the following spells:

 Spells                   Type           Power        Failure   Level  Hunger
 Magic Dart               Conj           #...         100%        1    ##.....
 Sting                    Conj/Pois      #...         100%        1    ##.....
 Blink                    Tloc           N/A          100%        2    ###....
 Call Imp                 Summ           #.......     100%        2    ###....
 Poisonous Vapours        Pois/Air       #.....       100%        2    ###....
 Slow                     Hex            #.......     100%        2    ###....
 Conjure Flame            Conj/Fire      #.......     100%        3    ####...
 Mephitic Cloud           Conj/Pois/Air  #.......     100%        3    ####...
 Olgreb's Toxic Radiance  Pois           #.......     100%        4    #####..
 Venom Bolt               Conj/Pois      #.........   100%        5    ######.


Dungeon Overview and Level Annotations

Branches:
Dungeon (8/15)             Temple (1/1) D:5
   Lair: D:8-11

Altars:
Cheibriados
Fedhas
Hepliaklqana
Nemelex Xobeh
Zin

Shops:
D:4 *(}:}   D:7 :!

Annotations:
D:8 exclusion: 3 orange crystal statues


Innate Abilities, Weirdness & Mutations

You reflexively headbutt those who attack you in melee.
You have a pair of horns on your head.


Message History

Are you sure you want to stumble around while confused and next to your
Okay, then.
Unknown command.
Are you sure you want to stumble around while confused and next to your You slice your two-headed ogre!!
The two-headed ogre is moderately wounded.
You closely miss the howler monkey. You hit the howler monkey.
You hit the howler monkey but do no damage.
You feel less confused.
The two-headed ogre hits you with a giant spiked club!!
The two-headed ogre hits you with a giant spiked club!
The howler monkey hits you.
The howler monkey hoots and howls with incredible vigour!
The orange crystal statue fixes its piercing gaze on you.
You feel your power leaking away.
There are monsters nearby!
Unknown command.
The two-headed ogre hits you with a giant spiked club!!!
Ouch! That really hurt!
You die...

##### ##...## ##.....##
#.......# #..[....#
#.......#
##.....#############
##.<....[...@O.....#
#..(.....####'####.#
#........#8hOhh..#[#
#####........#.#..(#.#.#
...........#.# ..... #.#
.#####....##.#...[... .#
## #..#####.#...n...#.#
####..## #.#.#...#.#.#
......# #8.....8#


You could see a two-headed ogre (berserk), a necrophage and 2 howler monkeys.

Vanquished Creatures
  The ghost of Americanboy the Archer, a novice CeHu (D:5)
  A yak (D:7)
  3 hogs (D:7)
  A human (D:7)
  Menkaure (D:5)
  Duvessa (D:7)
  An ice beast (D:6)
  A black bear (D:3)
  A sky beast (D:5)
  2 ogres
  2 orc warriors
  3 centaurs
  The ghost of Alter the Shield-Bearer, an amateur GrFi (D:3)
  5 big kobolds
  4 bullfrogs
  Dowan (D:7)
  A scorpion (D:7)
  6 wights
  A howler monkey (D:6)
  A centaur zombie (Ossuary)
  4 crimson imps
  2 jellies
  6 hounds
  5 orc priests
  3 centaur skeletons
  2 iguanas
  6 orc wizards
  4 worker ants
  2 big kobold zombies (Ossuary)
  A hound zombie (D:8)
  2 mummies (Ossuary)
  15 adders
  A river rat (Sewer)
  2 shadow imps
  An adder skeleton (D:5)
  6 worms
  4 dart slugs
  3 adder simulacra (D:3)
  3 leopard geckos
  28 orcs
  3 giant cockroaches
  2 goblins
  2 hobgoblins
  4 jackals
  3 quokkas
  2 ball pythons (D:3)
  5 bats
  4 frilled lizards (D:2)
  A giant cockroach simulacrum (D:3)
  A giant cockroach zombie (D:5)
  A goblin zombie (Ossuary)
  12 hobgoblin zombies (Ossuary)
  A jackal skeleton (D:4)
  2 jackal zombies (Ossuary)
  43 kobolds
  7 kobold zombies (Ossuary)
  A leopard gecko simulacrum (D:3)
  11 orc zombies (Ossuary)
  A quokka simulacrum (D:3)
  13 rats
  A rat zombie (Ossuary)
258 creatures vanquished.

Vanquished Creatures (collateral kills)
  An orange crystal statue (D:8)
  A centaur (D:6)
  A bullfrog (D:6)
  2 scorpions
5 creatures vanquished.

Vanquished Creatures (others)
  6 plants (D:7)
6 creatures vanquished.

Grand Total: 269 creatures vanquished

Notes
Turn   | Place    | Note
-------+----------+-------------------------------------------
     0 | D:1      | schauveau the Minotaur Berserker began the quest for the
                  | Orb.
     0 | D:1      | Reached XP level 1. HP: 19/19 MP: 0/0
   142 | D:1      | Reached XP level 2. HP: 19/27 MP: 1/1
   148 | D:1      | Reached skill level 4 in Axes
   759 | D:2      | Reached XP level 3. HP: 28/33 MP: 2/2
  1268 | D:3      | Found a hazy altar of Hepliaklqana.
  1353 | D:3      | Reached ** piety under Trog
  1371 | D:3      | Reached XP level 4. HP: 33/41 MP: 3/3
  1484 | D:3      | Found a runed gate.
  1484 | D:3      | Found a runed gate.
  1484 | D:3      | Found a runed gate.
  1505 | D:3      | Reached skill level 5 in Axes
  1513 | D:3      | Reached XP level 5. HP: 20/47 MP: 4/4
  1620 | D:3      | Noticed Alter's ghost (amateur GrFi)
  1692 | D:3      | Found a glowing drain.
  1713 | Sewer    | Entered a sewer
  1837 | Sewer    | Found a white marble altar of Elyvilon.
  1933 | D:3      | Killed Alter's ghost
  1933 | D:3      | Reached XP level 6. HP: 33/55 MP: 5/5
  2292 | D:3      | Found a faded altar of an unknown god.
  2367 | D:3      | Found a snail-covered altar of Cheibriados.
  2430 | D:3      | Reached *** piety under Trog
  2430 | D:3      | Reached skill level 5 in Fighting
  2430 | D:3      | Reached skill level 6 in Axes
  2430 | D:3      | Reached skill level 5 in Armour
  2590 | D:4      | Found Sianwimn's Antique Weapon Shoppe.
  2591 | D:4      | Found Rewomats's Gadget Boutique.
  2777 | D:4      | Found Nypimal's Gadget Emporium.
  2825 | D:4      | Found a sand-covered staircase.
  2907 | D:4      | Found Deyrej's Book Shoppe.
  2932 | Ossuary  | Entered an ossuary
  3093 | Ossuary  | Reached XP level 7. HP: 59/61 MP: 6/6
  3131 | Ossuary  | Reached **** piety under Trog
  3373 | D:4      | Found Disaf's General Store.
  3379 | D:4      | Bought a potion of heal wounds for 65 gold pieces
  3419 | D:5      | Entered Level 5 of the Dungeon
  3521 | D:5      | Found a staircase to the Ecumenical Temple.
  3532 | Temple   | Entered the Ecumenical Temple
  3655 | D:5      | Noticed Menkaure
  3666 | D:5      | Reached skill level 7 in Axes
  3680 | D:5      | Killed Menkaure
  3805 | D:5      | Reached XP level 8. HP: 38/70 MP: 7/7
  3917 | D:5      | Found a runed gate.
  3917 | D:5      | Found a runed gate.
  3917 | D:5      | Found a runed gate.
  4178 | D:5      | Noticed Americanboy's ghost (novice CeHu)
  4205 | D:5      | Killed Americanboy's ghost
  4205 | D:5      | Reached skill level 8 in Axes
  4205 | D:5      | Reached skill level 5 in Dodging
  4464 | D:6      | Reached skill level 9 in Axes
  4959 | D:6      | Found a sparkling altar of Nemelex Xobeh.
  4961 | D:6      | Received a gift from Trog
  4961 | D:6      | Reached XP level 9. HP: 69/78 MP: 8/8
  5099 | D:6      | Reached skill level 10 in Axes
  5878 | D:7      | Found Rol Qonk's Distillery.
  5885 | D:7      | Bought a potion of heal wounds for 70 gold pieces
  5885 | D:7      | Bought a potion of heal wounds for 70 gold pieces
  6046 | D:7      | Reached skill level 11 in Axes
  6047 | D:7      | Noticed Duvessa
  6047 | D:7      | Noticed Dowan
  6063 | D:7      | Killed Duvessa
  6067 | D:7      | Killed Dowan
  6487 | D:7      | Reached ***** piety under Trog
  6554 | D:7      | Reached skill level 12 in Axes
  6565 | D:7      | Reached skill level 10 in Armour
  6574 | D:7      | Reached XP level 10. HP: 84/84 MP: 9/9
  6792 | D:7      | Found Pyneh's Book Boutique.
  7186 | D:8      | Found a runed door.
  7204 | D:8      | Found the +10 large shield of Ignorance {rN+ Int-4}
  7204 | D:8      | Noticed an orange crystal statue
  7204 | D:8      | Noticed an orange crystal statue
  7204 | D:8      | Noticed an orange crystal statue
  7204 | D:8      | Noticed an orange crystal statue
  7212 | D:8      | Killed an orange crystal statue
  7212 | D:8      | Reached skill level 13 in Axes
  7405 | D:8      | Noticed a two-headed ogre
  7408 | D:8      | Demolished by a two-headed ogre

Skill      XL: |  1  2  3  4  5  6  7  8  9 10 |
---------------+-------------------------------+-----
Fighting       | 4 5 6 |  6.6
Axes           | 4 5 6 7 9 12 13 | 13.0
Armour         | 3 4 5 6 8 10 | 10.6
Dodging        | 3 4 5 |  5.2

Action                   |  1- 3 |  4- 6 |  7- 9 | 10-12 || total
-------------------------+-------+-------+-------+-------++-------
Melee: Hand axe          |    80 |   166 |    43 |       ||   289
       Headbutt          |    11 |    34 |    73 |     7 ||   125
       War axe           |       |       |   308 |     2 ||   310
       Battleaxe         |       |       |       |    45 ||    45
Invok: Berserk           |       |     1 |     5 |       ||     6
       Brothers in Arms  |       |       |     2 |     2 ||     4
  Use: Scroll            |       |       |     6 |     7 ||    13
       Potion            |       |       |     4 |       ||     4
 Stab: Sleeping          |     1 |       |       |       ||     1
  Eat: Chunk             |     1 |     4 |     9 |     4 ||    18
       Ration            |       |     1 |     2 |       ||     3
Armor: Animal skin       |     3 |       |       |       ||     3
       Ring mail         |    18 |    66 |     7 |       ||    91
       Scale mail        |       |       |    99 |       ||    99
       Plate armour      |       |       |    29 |    27 ||    56
Dodge: Dodged            |    46 |   101 |   206 |    27 ||   380
